 Dungeon Crawl Stone Soup version 0.26.1-2-gb8aa6d0cf2 (webtiles) character file.

Game seed: 9945322047528688077

5131 phalm the Blocker (level 10, -3/64 HPs)
             Began as a Gargoyle Fighter on Mar 5, 2021.
             Was a High Priest of Okawaru.
             Killed by divine providence
             ... invoked by an orc priest
              (13 damage)
             ... on level 9 of the Dungeon on Mar 6, 2021.
             The game lasted 00:16:16 (8977 turns).

phalm the Blocker (Gargoyle Fighter)                Turns: 8977, Time: 00:16:17

Health: -3/64      AC: 35    Str: 23    XL:     10   Next: 58%
Magic:  10/10      EV:  7    Int:  9    God:    Okawaru [*****.]
Gold:   639        SH:  6    Dex:  9    Spells: 9/9 levels left

rFire    . . .     SeeInvis .   z - +2 mace (protect)
rCold    . . .     Faith    .   g - +0 buckler {AC+3}
rNeg     + . .     Spirit   .   t - +0 plate armour
rPois    ∞         Reflect  .   s - +1 helmet
rElec    +         Harm     .   (no cloak)
rCorr    .         Rampage  .   n - +1 pair of gloves
Will     +....                  (no boots)
Stlth    ..........             (no amulet)
HPRegen  0.20/turn              B - ring of willpower
MPRegen  0.12/turn              (no ring)

@: protection aura
A: negative energy resistance 1, electricity resistance, unbreathing,
petrification resistance, miasma immunity, AC +7
a: Renounce Religion, Heroism, Finesse


You were on level 9 of the Dungeon.
You worshipped Okawaru.
Okawaru was extremely pleased with you.
You visited 2 branches of the dungeon, and saw 10 of its levels.

You collected 639 gold pieces.

Inventory:

Hand Weapons
 z - a +2 mace of protection (weapon)
 E - a +0 flail of holy wrath
Missiles
 v - a throwing net (quivered)
Armour
 g - a +0 buckler of protection (worn)
 n - a +1 pair of gloves (worn)
 s - a +1 helmet (worn)
 t - a +0 plate armour (worn)
Jewellery
 a - an uncursed ring of ice
 B - a ring of willpower (left hand)
Wands
 q - a wand of polymorph (4)
 D - a wand of flame (16)
Scrolls
 b - a scroll of immolation {unknown}
 e - 4 scrolls of fear
 f - 3 scrolls of teleportation
 j - 9 scrolls of identify
 l - 5 scrolls of remove curse
 o - 2 scrolls of enchant armour {unknown}
 w - 2 scrolls of amnesia {unknown}
 x - a scroll of blinking {unknown}
 y - a scroll of magic mapping {unknown}
 A - a scroll of enchant weapon {unknown}
Potions
 c - 4 potions of resistance {unknown}
 d - 2 potions of might
 h - 4 potions of heal wounds {unknown}
 i - 4 potions of mutation {unknown}
 k - 2 potions of invisibility {unknown}
 m - 3 potions of curing
 p - a potion of flight {unknown}
 r - 2 potions of lignification {unknown}
 u - 2 potions of cancellation {unknown}
 C - a potion of brilliance {unknown}
 F - 2 potions of attraction {unknown}


   Skills:
 + Level 7.6 Fighting
 * Level 9.1 Maces & Flails
 + Level 7.6 Armour
 * Level 10.3 Shields


You had 9 spell levels left.
You didn't know any spells.
Your spell library was empty.

Dungeon Overview and Level Annotations

Branches:
Dungeon (9/15)             Temple (1/1) D:4
   Lair: D:8-11         Orc: D:9-12

Altars:
Ashenzari
Cheibriados
Dithmenos
Elyvilon
Fedhas
Gozag
Hepliaklqana
Kikubaaqudgha
Makhleb
Nemelex Xobeh
Okawaru
Qazlal
Ru
Sif Muna
Trog
Uskayaw
Vehumet
Wu Jian
Xom
Yredelemnul
Zin
The Shining One


Innate Abilities, Weirdness & Mutations

You are resistant to torment.
Your stone body is resilient. (AC +7)
You are immune to poison.
You resist negative energy. (rN+)
You are resistant to electric shocks. (rElec)
You can survive without breathing.
You are immune to petrification.
You are immune to miasma.


Message History

There is an open door here.
You start resting.
An orc warrior is nearby!
You hit the orc warrior but do no damage.
Your weapon exudes an aura of protection.
The orc warrior closely misses you.
You hit the orc warrior.
The orc warrior is lightly wounded.
You hit the orc warrior.
The orc warrior is moderately wounded.
You block the orc priest's attack.
The orc warrior hits you but does no damage.
You block the orc's attack.
The orc priest mumbles some strange prayers to Beogh against you.
Beogh smites you!
* * * LOW HITPOINT WARNING * * *
There is an open door here.
The orc priest mumbles some strange prayers to Beogh against you.
Beogh smites you!
You die...

###.### #######.### ......#
#.........#
......#####.........#############
......##.............)))(.......#
.........##.........###########..
......#####.........# ### ......#
######.#### ##.#### ##(# #. #o@#
## ######o####
#......o..##############
#.....o...'............)
#######...############## #o..# #
#o).# # ..oo..))..# .oo.....###


You could see an orc warrior and 2 orc priests.

Vanquished Creatures
  A two-headed ogre (D:8)
  Joseph (D:8)
  2 water moccasins (D:9)
  Duvessa (D:7)
  3 orc warriors (D:9)
  A sky beast (D:6)
  An ice beast (D:7)
  3 black bears
  3 centaurs
  5 ogres
  A big kobold (D:6)
  4 bullfrogs
  A gnoll sergeant (D:8)
  Dowan (D:7)
  2 scorpions
  4 killer bees (D:9)
  8 wights
  2 bullfrog zombies
  5 orc priests
  2 jellies
  8 hounds
  2 bullfrog skeletons (D:5)
  Ijyb (D:2)
  5 iguanas
  5 orc wizards
  6 worker ants
  A hound skeleton (D:7)
  Robin (D:3)
  8 gnolls
  13 adders
  2 shadow imps
  2 white imps
  An adder skeleton (D:6)
  6 worms
  A dart slug (D:2)
  2 leopard geckos
  29 orcs
  3 bats
  4 giant cockroaches
  24 goblins
  15 hobgoblins
  8 jackals
  5 kobolds
  2 quokkas
  A ball python (D:4)
  A frilled lizard (D:4)
  A giant cockroach zombie (D:5)
  A jackal skeleton (D:6)
  A leopard gecko skeleton (D:7)
  A quokka skeleton (D:6)
  A quokka zombie (D:7)
  7 rats
219 creatures vanquished.

Vanquished Creatures (others)
  An orc wizard (D:9)
1 creature vanquished.

Grand Total: 220 creatures vanquished

Notes
Turn   | Place    | Note
-------+----------+-------------------------------------------
     0 | D:1      | phalm the Gargoyle Fighter began the quest for the Orb.
     0 | D:1      | Reached XP level 1. HP: 14/14 MP: 1/1
   116 | D:1      | Reached XP level 2. HP: 19/19 MP: 2/2
   662 | D:2      | Reached XP level 3. HP: 21/23 MP: 3/3
   732 | D:2      | Found a burning altar of Makhleb.
   739 | D:2      | Reached skill level 4 in Shields
   739 | D:2      | Reached XP level 4. HP: 28/29 MP: 4/4
  1308 | D:3      | Noticed Ijyb
  1410 | D:2      | Killed Ijyb
  1437 | D:3      | Reached XP level 5. HP: 28/33 MP: 5/5
  1490 | D:3      | Noticed Robin
  1542 | D:3      | Killed Robin
  2615 | D:4      | Reached skill level 5 in Shields
  2615 | D:4      | Reached XP level 6. HP: 35/38 MP: 6/6
  3003 | D:4      | Reached XP level 7. HP: 42/44 MP: 7/7
  3058 | D:4      | Found a staircase to the Ecumenical Temple.
  3076 | Temple   | Entered the Ecumenical Temple
  3157 | Temple   | Became a worshipper of Warmaster Okawaru
  3455 | D:5      | Entered Level 5 of the Dungeon
  3686 | D:5      | Reached skill level 6 in Shields
  3964 | D:5      | Reached * piety under Okawaru
  3965 | D:5      | Reached skill level 5 in Maces & Flails
  4123 | D:5      | Reached skill level 5 in Fighting
  4164 | D:5      | Found a shimmering blue altar of Sif Muna.
  4193 | D:5      | Reached skill level 5 in Armour
  4287 | D:5      | Reached XP level 8. HP: 47/49 MP: 8/8
  5142 | D:6      | Reached skill level 7 in Shields
  5385 | D:6      | You fall into a shaft and drop 2 floors!
  5525 | D:7      | Reached ** piety under Okawaru
  5571 | D:7      | Reached XP level 9. HP: 31/55 MP: 9/9
  5571 | D:7      | Noticed Duvessa
  5578 | D:7      | Noticed Dowan
  5619 | D:7      | Killed Dowan
  5620 | D:7      | Reached skill level 8 in Shields
  5644 | D:7      | Killed Duvessa
  6062 | D:7      | Reached *** piety under Okawaru
  6782 | D:7      | Reached skill level 9 in Shields
  7123 | D:8      | Noticed Joseph
  7143 | D:8      | Killed Joseph
  7236 | D:8      | Noticed a two-headed ogre
  7248 | D:8      | Killed a two-headed ogre
  7248 | D:8      | Reached **** piety under Okawaru
  7249 | D:8      | Reached XP level 10. HP: 29/63 MP: 10/10
  8216 | D:9      | Noticed a two-headed ogre
  8375 | D:9      | Reached skill level 10 in Shields
  8921 | D:9      | Reached ***** piety under Okawaru
  8977 | D:9      | Killed from afar by an orc priest

Illustrated notes

Levels and vault maps discovered:
D:1:      lightli_arrival_statuegarden, layout_rooms
D:2:      layout_loops_ring, makhleb_blood_cavern_becter, lemuel_old_faithful
D:3:      cheibrodos_greedy_goblins, layout_loops_ring, dk_noncrumbling_4,
          bh_walls_and_bars, uniq_robin, uniq_ijyb
D:4:      layout_rooms, minmay_temple_entry_waves,
          corexii_item_surrounded_by_moat
D:5:      layout_loops_corners, led_sif_pool
D:6:      layout_basic, kennysheep_generic_room_12
D:7:      nzn_winding_woodlands_small [nzn_winding_woodlands_5x15_pool,
          nzn_winding_woodlands_center_pierced_h,
          nzn_winding_woodlands_5x15_crooked], layout_gridville, uniq_duvessa
D:8:      layout_cave_pools, uniq_joseph
D:9:      layout_roguey, david_orc_4
Temple:   grunt_wide_crystal_templ

Skill      XL: |  1  2  3  4  5  6  7  8  9 10 |
---------------+-------------------------------+-----
Shields        | 4 5 6 7 9 10 | 10.3
Maces & Flails | 3 4 5 6 8 9 |  9.1
Fighting       | 4 5 6 7 |  7.6
Armour         | 4 5 7 |  7.6

Action                   |  1- 3 |  4- 6 |  7- 9 | 10-12 || total
-------------------------+-------+-------+-------+-------++-------
Melee: Flail             |    70 |   292 |   408 |       ||   770
       Unarmed           |       |     7 |       |       ||     7
       Mace              |       |       |   158 |   304 ||   462
  Use: Scroll            |       |     4 |       |       ||     4
 Stab: Confused          |       |     1 |       |       ||     1
Armor: Scale mail        |    51 |    92 |       |       ||   143
       Skin              |       |     3 |       |       ||     3
       Plate armour      |       |   116 |   516 |   219 ||   851
Dodge: Dodged            |    43 |   125 |   181 |    93 ||   442
Block: Kite shield       |    18 |       |       |       ||    18
       Buckler           |    10 |    72 |   137 |   102 ||   321
